 Dungeon Crawl Stone Soup version 0.32-a0-576-g706899e69d (webtiles) character file.

Game seed: 17603178517730163648

359 javelincjr the Trooper (level 6, -2/47 HPs)
             Began as a Demonspawn Warper on Mar 1, 2024.
             Was an Initiate of Beogh.
             Slain by an orc
             ... wielding a +2 hand axe of pain
              (7 damage)
             ... on level 4 of the Dungeon.
             The game lasted 00:12:27 (4322 turns).

javelincjr the Trooper (Demonspawn Warper)          Turns: 4322, Time: 00:12:28

Health: -2/47      AC:  5    Str: 20    XL:     6   Next: 37%
Magic:  8/10       EV: 11    Int: 13    God:    Beogh [......]
Gold:   134        SH:  4    Dex: 14    Spells: 6/10 levels left

rFire   . . .        a - +0 spear
rCold   . . .        l - +0 buckler
rNeg    . . .        m - +0 ring mail
rPois   .            (helmet currently unavailable)
rElec   .            (cloak currently unavailable)
rCorr   .            (gloves currently unavailable)
SInv    .            (boots currently unavailable)
Will    .....        (no amulet)
Stlth   ++           g - +6 ring of strength
HPRegen 0.27/turn    (no ring)
MPRegen 0.12/turn

%: no passive effects
@: beast-form, on blink cooldown
A: beast (slay +0), claws 2, thin skeletal structure 1, demonic guardian 1
a: Begin Untransformation, Renounce Religion


You were on level 4 of the Dungeon.
You worshipped Beogh.
Beogh was noncommittal.
You were a hulking beast.
You visited 1 branch of the dungeon, and saw 5 of its levels.

You collected 134 gold pieces.

Inventory:

Hand Weapons
 a - a +0 spear (weapon)
Missiles
 d - 7 darts of dispersal (quivered)
 e - 69 stones
 s - 6 poisoned darts
Armour
 b - a +0 leather armour
 f - a +0 scale mail
 j - a +0 scale mail
 l - a +0 buckler (worn)
 m - a +0 ring mail (worn)
 q - a +0 chain mail
 v - a +1 hat
Jewellery
 g - a +6 ring of strength (left claw)
Talismans
 p - a beast talisman (active)
Wands
 y - a wand of iceblast (5)
Scrolls
 c - 4 scrolls of blinking
 h - 2 scrolls of teleportation {unknown}
 i - 2 scrolls of vulnerability {unknown}
 o - a scroll of revelation {unknown}
 t - a scroll of immolation {unknown}
 u - a scroll of fog {unknown}
 x - a scroll of enchant armour {unknown}
Potions
 k - 3 potions of curing {unknown}
 n - 3 potions of lignification {unknown}
 r - a potion of berserk rage {unknown}
 w - a potion of heal wounds {unknown}
 z - a potion of enlightenment {unknown}


   Skills:
 * Level 3.6 Fighting
 + Level 2.6 Polearms
 - Level 1.0 Throwing
 + Level 1.9 Armour
 + Level 2.6 Dodging
 + Level 1.5 Shields
 + Level 2.7 Spellcasting
 + Level 3.3 Translocations
 * Level 1.3 Shapeshifting


You had 6 spell levels left.
You knew the following spells:

 Your Spells              Type           Power      Damage    Failure   Level
a - Blink                 Tloc           20%        N/A       19%         2
b - Lesser Beckoning      Tloc           20%        N/A       19%         2

Your spell library contained the following spells:

 Spells                   Type           Power      Damage    Failure   Level
 Apportation              Tloc           20%        N/A       13%         1
 Teleport Other           Tloc           10%        N/A       36%         3
 Necrotise                Necr           4%         1d4       45%         1
 Sting                    Conj/Alch      4%         1d3       45%         1
 Summon Small Mammal      Summ           4%         N/A       45%         1
 Manifold Assault         Tloc           10%        N/A       77%         4
 Inner Flame              Hex/Fire       1%         N/A       83%         3
 Vhi's Electric Charge    Tloc/Air       12%        N/A       94%         4
 Flame Wave               Conj/Fire      1%         2d4       99%         4
 Sticky Flame             Fire/Alch      1%         2d4       99%         4


Dungeon Overview and Level Annotations

Branches:
Dungeon (5/15)
 Temple: D:4-7

Altars:
Gozag
Vehumet
Xom

Shops:
D:1 :*

Annotations:
D:5 Blork the orc


Innate Abilities, Weirdness & Mutations

You are a hulking beast.
Your limbs bulge with bestial killing power. (Slay +0)
You have very sharp fingernails.
You have a somewhat thin skeletal structure. (Dex +2, Stealth+)
A weak demonic guardian rushes to your aid.


Message History

Your quasit claws Blork the orc.
Your quasit barely misses Blork the orc.
The orc closely misses you. The orc completely misses your quasit.
Blork the orc hits your quasit with a +0 long sword.
You hit the orc but do no damage.
Your quasit bites Blork the orc but does no damage.
Your quasit claws Blork the orc but does no damage.
Your quasit closely misses Blork the orc.
Your quasit bites Blork the orc.
Your quasit claws Blork the orc.
Your quasit claws Blork the orc but does no damage.
The orc barely misses you. The orc closely misses your quasit.
Blork the orc hits your quasit with a +0 long sword.
You hit the orc but do no damage.
Your quasit bites Blork the orc.
Your quasit claws Blork the orc but does no damage. x2
The orc misses you.
The orc hits your quasit with a +2 hand axe of pain.
Blork the orc hits your quasit with a +0 long sword!
Your quasit dies!
Your quasit disappears in a puff of smoke!
Casting: Blink (safe; 19% risk of failure)
Confirm with . or Enter, or press ? or * to list all spells.
You blink.
Blork the orc looks braver for a moment.
There is a stone staircase leading up here.
The orc hits you with a +2 hand axe of pain.
* * * LOW HITPOINT WARNING * * *
You climb upwards.
There is a stone staircase leading down here.
You hit the orc but do no damage. The orc barely misses you.
You hit the orc.
The orc is severely wounded.
The orc hits you with a +2 hand axe of pain.
* * * LOW HITPOINT WARNING * * *
You writhe in agony.
* * * LOW HITPOINT WARNING * * *
You hit the orc but do no damage.
The orc is severely wounded.
The orc hits you with a +2 hand axe of pain!
You die...
Beogh appreciates the orc's killing of a heretic priest.

#.# #.#.#.###..##.##.# #.#
#.#.#.# #..##.##.# ##+## #.#.#.#
#..##.##.# ##...## #.#.#.#
#..##.##.# ##.....##
#.#.#.###......... ##.......##
##.................
###.........###..................
..'>........'....o...............
###.........###.h..#####.........
##.......## #.#.## #......... ##
##.....## #.### #......... .#
##...######.# #.....)).. .#
##+##...##.# #......... .#
#.##...##.# ########.# .#
#.........# #.# .######.........#
#.. .##............## ###


You could see an orc.

Vanquished Creatures
  2 scorpions
  An orc priest (D:4)
  A bombardier beetle (D:4)
  Jessica (D:2)
  4 adders
  2 dart slugs (D:2)
  2 ribbon worms (D:2)
  4 orcs
  7 ball pythons
  4 bats
  5 endoplasms
  5 giant cockroaches
  7 goblins
  5 hobgoblins
  7 kobolds
  5 quokkas
  3 frilled lizards
  5 rats
70 creatures vanquished.

Vanquished Creatures (collateral kills)
  A hound (D:4)
  A ribbon worm (D:3)
2 creatures vanquished.

Grand Total: 72 creatures vanquished

Notes
Turn   | Place    | Note
-------+----------+-------------------------------------------
     0 | D:1      | javelincjr the Demonspawn Warper began the quest for the
                  | Orb.
     0 | D:1      | Reached XP level 1. HP: 16/16 MP: 3/3
    21 | D:1      | Found Daji's Assorted Antiques.
    45 | D:1      | Reached skill level 1 in Throwing
    59 | D:1      | Reached skill level 1 in Armour
   137 | D:1      | Gained mutation: A weak demonic guardian rushes to your
                  | aid. [demonic ancestry]
   137 | D:1      | Reached XP level 2. HP: 12/22 MP: 5/5
   710 | D:1      | Found a transporter.
   715 | D:1      | Found Suiqoirch's Book Shop.
   717 | D:1      | Found a transporter.
   807 | D:1      | Found an opulent altar of Gozag.
   847 | D:2      | Found a faded altar of an unknown god.
   986 | D:2      | Learned a level 2 spell: Blink
   989 | D:2      | Learned a level 2 spell: Lesser Beckoning
  1114 | D:2      | Gained mutation: You have sharp fingernails. [demonic
                  | ancestry]
  1114 | D:2      | Reached XP level 3. HP: 18/28 MP: 6/6
  1683 | D:2      | Gained mutation: You have a somewhat thin skeletal
                  | structure. (Dex +2, Stealth+) [demonic ancestry]
  1683 | D:2      | Reached XP level 4. HP: 15/34 MP: 7/7
  1853 | D:2      | Noticed Jessica
  1861 | D:2      | Killed Jessica
  3103 | D:4      | Found a radiant altar of Vehumet.
  3218 | D:4      | Reached skill level 1 in Shields
  3218 | D:4      | Reached XP level 5. HP: 41/41 MP: 8/8
  3232 | D:4      | Became a worshipper of Beogh the Shepherd
  3573 | D:4      | Found a shimmering altar of Xom.
  3677 | D:4      | Reached skill level 1 in Shapeshifting
  3677 | D:4      | Gained mutation: You have very sharp fingernails. [demonic
                  | ancestry]
  3677 | D:4      | Reached XP level 6. HP: 34/47 MP: 9/9
  4301 | D:5      | Entered Level 5 of the Dungeon
  4303 | D:5      | Noticed Blork the orc
  4322 | D:4      | Slain by an orc

Illustrated notes

Levels and vault maps discovered:
D:1:      dpeg_arrival_lava_altar, layout_loops_ring, serial_shops,
          nicolae_shop_drivethru, nicolae_shop_waterfront
D:2:      minmay_recursive_quarters, layout_basic,
          shapermc_ecumenical_altar_ellora, minmay_tetromino_s4, uniq_jessica
D:3:      kennysheep_big_flooded_room, layout_basic
D:4:      layout_loops_corners, lemuel_crystal_altar,
          gammafunk_temple_overflow_elements
D:5:      layout_rooms, ashenzari_conservatory_becter, minmay_temple_entry_mist,
          mumra_transporter_accident, chequers_serial_rivers_small_a,
          nicolae_elevator_lobby_asterisk, uniq_blork_the_orc

Skill      XL: |  1  2  3  4  5 |
---------------+----------------+-----
Throwing       | 1 |  1.0
Armour         | 1 |  1.9
Dodging        | 2 |  2.6
Polearms       | 2 |  2.6
Translocations | 3 |  3.3
Fighting       | 3 |  3.6
Shields        | 1 |  1.5
Shapeshifting  | 1 |  1.3
Spellcasting   | |  2.7

Action                     |  1- 3 |  4- 6 || total
---------------------------+-------+-------++-------
  Melee: Spear             |   168 |   172 ||   340
   Cast: Blink             |       |     1 ||     1
 Invoke: Convert to Beogh  |       |     1 ||     1
   Stab: Sleeping          |     3 |     6 ||     9
 Armour: Leather armour    |    72 |    16 ||    88
         Scale mail        |       |    46 ||    46
         Ring mail         |       |    21 ||    21
  Dodge: Dodged            |    68 |    70 ||   138
  Block: Buckler           |     8 |    21 ||    29
   Form: Beast             |       |     1 ||     1

Table legend: (Time is in decaauts)
 A = Elapsed time spent in this place.
 B = Non-inter-level travel time spent in this place.
 C = Inter-level travel time spent in this place.
 D = Time resting spent in this place.
 E = Time spent auto-exploring this place.
 F = Levels seen in this place.
 G = Mean time per level.
                   A        B        C        D        E       F      G
               +--------+--------+--------+--------+--------+-----+--------+
         Total |   4325 |   4144 |    181 |      0 |   3476 |   5 |  865.0 |
       Dungeon |   4325 |   4144 |    181 |      0 |   3476 |   5 |  865.0 |
               +--------+--------+--------+--------+--------+-----+--------+

Top non-repeatable levels by time:
     D:2: 1429 daAuts
     D:4: 1223 daAuts
     D:1: 834 daAuts
     D:3: 819 daAuts
     D:5: 18 daAuts
